 Dungeon Crawl Stone Soup version 0.25.1-8-g42b30a86e7 (webtiles) character file.

Game seed: 16965492383795325240

131 gruber the Chiller (level 4, -7/30 HPs)
             Began as a Demonspawn Ice Elementalist on Dec 19, 2020.
             Killed by divine providence
             ... invoked by an orc priest
              (9 damage)
             ... on level 3 of the Dungeon.
             The game lasted 00:02:59 (2881 turns).

gruber the Chiller (Demonspawn Ice Elementalist)    Turns: 2881, Time: 00:02:59

Health: -7/30      AC:  3    Str:  9    XL:     4   Next: 91%
Magic:  4/7        EV: 12    Int: 17    God:
Gold:   106        SH:  0    Dex: 13    Spells: 3/7 levels left

rFire    . . .     SeeInvis .   p - -2 dagger (curse)
rCold    . . .     Gourm    .   (no shield)
rNeg     . . .     Faith    .   a - +0 robe
rPois    .         Spirit   .   f - +0 helmet
rElec    .         Reflect  .   (no cloak)
rCorr    .         Harm     .   (no gloves)
MR       .....                  (no boots)
Stlth    ++........             (no amulet)
HPRegen  0.10/turn              (no ring)
MPRegen  0.10/turn              (no ring)

@: frozen ramparts
A: sturdy frame 2
a: no special abilities


You were on level 3 of the Dungeon.
You were not hungry.

You visited 1 branch of the dungeon, and saw 3 of its levels.

You collected 106 gold pieces.

Inventory:

Hand Weapons
 l - a +0 short sword
 p - a cursed -2 dagger (weapon)
Missiles
 j - 33 poisoned darts (quivered)
Armour
 a - a +0 robe (worn)
 f - a +0 helmet (worn)
Scrolls
 b - 3 scrolls of magic mapping {unknown}
 d - 3 scrolls of identify {unknown}
 e - 3 scrolls of remove curse {unknown}
 g - a scroll of blinking {unknown}
 h - a scroll of noise {unknown}
 k - 2 scrolls of teleportation {unknown}
 m - a scroll of amnesia {unknown}
 o - a scroll of fear {unknown}
 u - a scroll of enchant armour {unknown}
Potions
 i - a potion of curing {unknown}
 n - a potion of lignification {unknown}
 q - a potion of haste {unknown}
 r - 2 potions of might {unknown}
 s - a potion of heal wounds {unknown}
 t - a potion of berserk rage {unknown}
Comestibles
 c - 5 rations


   Skills:
 - Level 1.7 Dodging
 - Level 1.7 Stealth
 - Level 2.0 Spellcasting
 + Level 5.7 Ice Magic


You had 3 spell levels left.
You knew the following spells:

 Your Spells              Type           Power        Failure   Level  Hunger
a - Freeze                Ice            ###.         1%          1    #......
b - Frozen Ramparts       Ice            ###...       5%          3    ###....

Your spell library contained the following spells:

 Spells                   Type           Power        Failure   Level  Hunger
 Ozocubu's Armour         Chrm/Ice       ##......     19%         3    ###....
 Hailstorm                Conj/Ice       ##......     52%         4    #####..
 Summon Ice Beast         Ice/Summ       ##......     52%         4    #####..


Dungeon Overview and Level Annotations

Branches:
Dungeon (3/15)

Altars:
Sif Muna

Annotations:
D:2 2 transporters


Innate Abilities, Weirdness & Mutations

Your movements are less encumbered by armour. (ER -4)


Message History

Unknown command.
The wall freezes the orc priest.
The wall freezes the orc priest.
The wall freezes the orc.
The wall freezes the orc priest.
The wall freezes the orc priest.
The orc priest calls upon Beogh to heal the orc priest.
The orc priest is healed somewhat.
The wall freezes the orc.
You kill the orc!
The wall freezes the orc priest.
The orc shouts!
Unknown command.
The wall freezes the orc priest.
The orc priest calls upon Beogh to heal the orc priest.
The orc priest is healed somewhat.
The wall freezes the orc priest.
The orc priest hits you.
* * * LOW HITPOINT WARNING * * *
The wall freezes the orc priest.
The orc priest calls down the wrath of Beogh upon you.
Beogh smites you!
You die...

####.# #....# .
#.#### .. #.#
##. #(# ....
#.# ..... #.#
......#######.#
......oo@.....#
....o.#########
...o. >... ##.
.. $


You could see 3 orc priests and an orc.

Vanquished Creatures
  A hound (D:2)
  Robin (D:3)
  2 adders
  2 worms (D:2)
  A dart slug (D:1)
  3 orcs (D:3)
  3 bats
  2 giant cockroaches
  20 goblins
  5 hobgoblins
  A quokka (D:2)
  5 frilled lizards
  6 kobolds (D:1)
  5 rats (D:1)
57 creatures vanquished.

Notes
Turn   | Place    | Note
-------+----------+-------------------------------------------
     0 | D:1      | gruber the Demonspawn Ice Elementalist began the quest for
                  | the Orb.
     0 | D:1      | Reached XP level 1. HP: 13/13 MP: 3/3
   211 | D:1      | Reached skill level 4 in Ice Magic
   211 | D:1      | Gained mutation: Your movements are slightly less
                  | encumbered by armour. (ER -2) [demonic ancestry]
   211 | D:1      | Reached XP level 2. HP: 19/19 MP: 1/5
   983 | D:2      | Found a transporter.
  1035 | D:2      | Found a transporter.
  1055 | D:2      | Gained mutation: Your movements are less encumbered by
                  | armour. (ER -4) [demonic ancestry]
  1055 | D:2      | Reached XP level 3. HP: 13/24 MP: 0/6
  1082 | D:2      | Reached skill level 5 in Ice Magic
  1708 | D:1      | Learned a level 3 spell: Frozen Ramparts
  1777 | D:2      | Reached XP level 4. HP: 27/30 MP: 3/7
  2081 | D:2      | Found a shimmering blue altar of Sif Muna.
  2427 | D:3      | Noticed Robin
  2442 | D:3      | Killed Robin
  2881 | D:3      | Killed from afar by an orc priest

Illustrated notes

Levels and vault maps discovered:
D:1:      ncdulo_wetmaze, layout_loops_ring, minmay_pentomino_p4
D:2:      layout_basic, gammafunk_temple_overflow_arena
D:3:      layout_loops_ring, first_ration, eino_tiny_chamber, uniq_robin

Skill      XL: |  1  2  3 |
---------------+----------+-----
Ice Magic      | 4 5 |  5.7
Dodging        | |  1.7
Stealth        | |  1.7
Spellcasting   | |  2.0

Action                   |  1- 3 |  4- 6 || total
-------------------------+-------+-------++-------
Melee: Unarmed           |    13 |       ||    13
       Dagger            |    20 |    23 ||    43
       Short sword       |    25 |     7 ||    32
 Cast: Freeze            |    37 |       ||    37
       Frozen Ramparts   |     1 |     8 ||     9
 Stab: Sleeping          |     3 |     3 ||     6
  Eat: Chunk             |     1 |     3 ||     4
       Ration            |     1 |       ||     1
Armor: Robe              |    18 |     8 ||    26
Dodge: Dodged            |    69 |    18 ||    87
